 Dungeon Crawl Stone Soup version 0.30-a0-860-g512cf1e979 (webtiles) character file.

Game seed: 6614362120826321134

2087 Querens the Ducker (level 9, -1/55 HPs)
             Began as a Djinni Conjurer on Mar 8, 2023.
             Slain by a kobold brigand
             ... wielding a +0 dagger
              (4 damage)
             ... on level 6 of the Dungeon.
             The game lasted 00:16:47 (3045 turns).

Querens the Ducker (Djinni Conjurer)                Turns: 3045, Time: 00:16:48

Health: -1/55      AC:  4    Str: 12    XL:     9   Next: 51%
Gold:   218        EV: 17    Int: 23    God:
                   SH:  0    Dex: 19

rFire   + + .      SeeInvis .    B - +1 spear (flame)
rCold   . . .      Faith    .    (no shield)
rNeg    . . .      Spirit   .    a - +0 robe
rPois   ∞          Reflect  .    w - +0 helmet
rElec   .          Rampage  +    b - +0 cloak of Tiduugh {Rampage rC+}
rCorr   .          NoTele   +    (no gloves)
Will    .....                    (boots unavailable)
Stlth   ++++                     y - amulet of the acrobat
HPRegen 0.29/turn                f - +6 ring of strength
MPRegen 0.00/turn                j - +6 ring of dexterity

@: stuck, flying, very slightly contaminated
A: sickness immunity, fire resistance 2, cold vulnerability 1, float, innate
caster, HP casting, extra vitality 1
a: no special abilities


You were on level 6 of the Dungeon.
You visited 1 branch of the dungeon, and saw 6 of its levels.

You collected 218 gold pieces.

Inventory:

Hand Weapons
 m - a +0 dagger of holy wrath
 B - a +1 spear of flaming (weapon)
Armour
 a - a +0 robe (worn)
 b - the +0 cloak of Tiduugh (worn) {Rampage rC+}
   (You found it on level 5 of the Dungeon)

   rC:        It protects you from cold.
   Rampage:   It bestows one free step when moving towards enemies.
 h - a +0 kite shield
 q - a +0 cloak of stealth
 w - a +0 helmet (worn)
 C - a +0 buckler
Jewellery
 f - a +6 ring of strength (left hand)
 j - a +6 ring of dexterity (right hand)
 y - an amulet of the acrobat (around neck)
Wands
 D - a wand of polymorph (8)
Scrolls
 c - 4 scrolls of teleportation {unknown}
 d - 2 scrolls of enchant armour {unknown}
 i - a scroll of immolation {unknown}
 p - a scroll of silence {unknown}
 s - a scroll of amnesia {unknown}
 u - a scroll of blinking {unknown}
 x - 3 scrolls of vulnerability {unknown}
 E - a scroll of fear {unknown}
Potions
 e - 3 potions of lignification
 g - 3 potions of attraction
 k - 3 potions of mutation
 l - 5 potions of curing
 n - 3 potions of heal wounds
 o - 2 potions of flight {unknown}
 r - 2 potions of brilliance {unknown}
 t - a potion of cancellation {unknown}
 v - a potion of berserk rage {unknown}
 z - a potion of might {unknown}
 A - a potion of resistance {unknown}


   Skills:
 + Level 7.8 Dodging
 + Level 6.5 Stealth
 + Level 6.2 Spellcasting


You knew the following spells:

 Your Spells              Type           Power      Damage    Failure   Level
a - Magic Dart            Conj           100%       1d8       1%          1
b - Searing Ray           Conj           70%        2d7       1%          2
c - Dazzling Flash        Conj/Hex       70%        N/A       1%          3
d - Fulminant Prism       Conj/Hex       17%        3d10      6%          4
e - Iskenderun's Mystic   Conj/Tloc      35%        2d8       6%          4
f - Sting                 Tmut/Pois      100%       1d8       1%          1
g - Momentum Strike       Conj/Tloc      70%        3d9       1%          2
h - Ozocubu's Armour      Ice            35%        N/A       1%          3
i - Flame Wave            Conj/Fire      35%        2d10      6%          4
Your spell library was empty.

Dungeon Overview and Level Annotations

Branches:
Dungeon (6/15)
 Temple: D:4-7

Altars:
Cheibriados


Innate Abilities, Weirdness & Mutations

You are immune to sickness and miasma.
You are immune to poison.
Your flesh is very heat resistant. (rF++)
You are vulnerable to cold. (rC-)
You float through the air rather than walking.
You learn spells naturally, not from books.
Your magical power is your life essence.
You have superior vitality. (+4 MHP)


Message History

The mystic blast hits the kobold brigand.
The kobold brigand is almost dead.
The mystic blast hits the kobold.
The kobold is severely wounded.
The kobold is knocked back by the mystic blast.
The kobold collides with the kobold!
You kill the kobold! x2
The mystic blast hits the hound!
The hound is severely wounded.
The hound is knocked back by the mystic blast.
* * * LOW HITPOINT WARNING * * *
The kobold brigand throws a curare-tipped dart.
The curare-tipped dart hits you.
Unknown command.
Casting: Iskenderun's Mystic Blast (dangerous; 6% risk of failure)
Confirm with . or Enter, or press ? or * to list all spells.
You miscast Iskenderun's Mystic Blast.
You are very lightly contaminated with residual magic.
Space twists in upon itself.
You are magically locked in place.
* * * LOW HITPOINT WARNING * * *
The hound stops to sniff the ground.
The hound closely misses you.
Unknown command.
Unknown command.
Casting: Iskenderun's Mystic Blast (dangerous; 6% risk of failure)
Confirm with . or Enter, or press ? or * to list all spells.
You miscast Iskenderun's Mystic Blast.
Nothing appears to happen.
* * * LOW HITPOINT WARNING * * *
The hound closely misses you. The kobold brigand closely misses you.
The hound misses you.
Unknown command.
Unknown command.
Unknown command.
Casting: Iskenderun's Mystic Blast (dangerous; 6% risk of failure)
Confirm with . or Enter, or press ? or * to list all spells.
You miscast Iskenderun's Mystic Blast.
Space warps crazily around you.
You are magically locked in place.
* * * LOW HITPOINT WARNING * * *
The kobold brigand hits you with a +0 dagger.
You die... ... .. ##.: .. ....... #...#. ...J) # .hK

##..#K##
#...)h@#
#....$#)...#
..##. ))####
# #.## #. ..
.. #..


You could see a kobold brigand, 2 hounds, a jelly and a kobold.

Vanquished Creatures
  6 yaks (D:5)
  3 black bears (D:5)
  An ice beast (D:5)
  An ogre (D:4)
  A centaur (D:5)
  2 phantoms (D:4)
  2 scorpions
  A gnoll sergeant (D:5)
  A jelly (D:4)
  3 hounds
  A sleepcap (D:4)
  2 iguanas
  An orc wizard (D:5)
  4 gnolls
  4 adders
  A white imp (D:5)
  An ufetubus (D:5)
  4 worms (D:2)
  4 dart slugs
  9 orcs
  3 ball pythons
  7 bats
  9 endoplasms
  2 giant cockroaches
  9 hobgoblins
  6 jackals
  3 quokkas
  A frilled lizard (D:1)
  6 goblins
  15 kobolds
  4 rats
117 creatures vanquished.

Vanquished Creatures (others)
  11 fulminant prisms (D:5)
11 creatures vanquished.

Grand Total: 128 creatures vanquished

Notes
Turn   | Place    | Note
-------+----------+-------------------------------------------
     0 | D:1      | Querens the Djinni Conjurer began the quest for the Orb.
     0 | D:1      | Querens set off with the following spells memorised: Magic
                  | Dart, Searing Ray, Dazzling Flash, Fulminant Prism,
                  | Iskenderun's Mystic Blast.
     0 | D:1      | Reached XP level 1. HP: 15/15 MP: 0/0
     6 | D:1      | Noticed a hog
     6 | D:1      | Noticed an anaconda
     6 | D:1      | Noticed a swamp drake
    99 | D:2      | Reached XP level 2. HP: 17/21 MP: 0/0
   120 | D:2      | Reached XP level 3. HP: 12/25 MP: 0/0
   120 | D:2      | Learned a level 1 spell: Sting
   407 | D:1      | Reached skill level 3 in Dodging
   446 | D:1      | Reached XP level 4. HP: 15/31 MP: 0/0
   766 | D:2      | You are sucked into a shaft and drop 1 floor!
   826 | D:3      | Noticed a scorpion
   837 | D:3      | Killed a scorpion
   838 | D:3      | Reached XP level 5. HP: 16/35 MP: 0/0
   838 | D:3      | Learned a level 2 spell: Momentum Strike
  1248 | D:3      | Found a snail-covered altar of Cheibriados.
  1592 | D:4      | Noticed a phantom
  1601 | D:4      | Killed a phantom
  1602 | D:4      | Reached skill level 4 in Dodging
  1602 | D:4      | Reached XP level 6. HP: 21/40 MP: 0/0
  1927 | D:4      | Reached XP level 7. HP: 35/45 MP: 0/0
  1927 | D:4      | Learned a level 3 spell: Ozocubu's Armour
  2054 | D:4      | Reached skill level 5 in Dodging
  2204 | D:5      | Entered Level 5 of the Dungeon
  2232 | D:5      | Reached XP level 8. HP: 43/50 MP: 0/0
  2322 | D:5      | Reached skill level 5 in Spellcasting
  2329 | D:5      | Noticed a yak
  2330 | D:5      | Noticed a yak
  2433 | D:5      | Reached skill level 6 in Dodging
  2458 | D:5      | Reached skill level 5 in Stealth
  2660 | D:5      | Noticed a yak
  2661 | D:5      | Noticed a yak
  2685 | D:5      | Killed a yak
  2704 | D:5      | Noticed a yak
  2899 | D:5      | Noticed a yak
  2908 | D:5      | Reached XP level 9. HP: 43/55 MP: 0/0
  2908 | D:5      | Learned a level 4 spell: Flame Wave
  2917 | D:5      | Reached skill level 7 in Dodging
  2935 | D:5      | Identified the +0 cloak of Tiduugh {Rampage rC+}
  3045 | D:6      | Slain by a kobold brigand

Illustrated notes

Levels and vault maps discovered:
D:1:      onia_arrival_zoo_common, layout_basic
D:2:      layout_loops_cross
D:3:      layout_basic, cheibriados_altar_1, minmay_misc_feat_plants
D:4:      layout_basic, chequers_mini_garden, moated_statue
D:5:      layout_gridville, roderic_lattice_a, kennysheep_flooded_box,
          minivault_25
D:6:      layout_loops_ring, led_sif_pool, minmay_temple_entry_waves

Skill      XL: |  1  2  3  4  5  6  7  8  9 |
---------------+----------------------------+-----
Stealth        | 2 3 4 5 6 |  6.5
Dodging        | 3 4 5 6 7 |  7.8
Spellcasting   | 4 5 6 |  6.2

Action                     |  1- 3 |  4- 6 |  7- 9 || total
---------------------------+-------+-------+-------++-------
  Melee: Unarmed           |     1 |       |       ||     1
         Spear             |       |       |     3 ||     3
   Cast: Magic Dart        |    38 |    31 |    12 ||    81
         Searing Ray       |     6 |    35 |    25 ||    66
         Momentum Strike   |       |       |     1 ||     1
         Iskenderun's Myst |       |       |    12 ||    12
         Sting             |       |       |     7 ||     7
         Fulminant Prism   |       |       |    11 ||    11
         Ozocubu's Armour  |       |       |     1 ||     1
  Evoke: Wand              |       |       |     1 ||     1
    Use: Scroll            |       |       |     5 ||     5
 Armour: Robe              |     4 |     5 |     4 ||    13
  Dodge: Dodged            |    16 |    24 |    38 ||    78

Table legend: (Time is in decaauts)
 A = Elapsed time spent in this place.
 B = Non-inter-level travel time spent in this place.
 C = Inter-level travel time spent in this place.
 D = Time resting spent in this place.
 E = Time spent auto-exploring this place.
 F = Levels seen in this place.
 G = Mean time per level.
                   A        B        C        D        E       F      G
               +--------+--------+--------+--------+--------+-----+--------+
         Total |   3043 |   2677 |    366 |      3 |      0 |   6 |  507.2 |
       Dungeon |   3043 |   2677 |    366 |      3 |      0 |   6 |  507.2 |
               +--------+--------+--------+--------+--------+-----+--------+

Top non-repeatable levels by time:
     D:4: 779 daAuts
     D:5: 756 daAuts
     D:3: 552 daAuts
     D:2: 503 daAuts
     D:1: 441 daAuts
     D:6: 11 daAuts
